3L
HARTFORD WHALERS @ D.C. DIVIDED
08/27/2021
 
TOP OF THE 1ST
Hartford Whalers batting - Pitching for D.C. Divided : LHP Leslie Brooks
Pitching: LHP Leslie Brooks
Batting: RHB Javier Díaz 0-0: SINGLE (Flyball, 4MD)
Batting: RHB Russell Jackson 0-0: Ball
1-0: Ball
2-0: Ball
3-0: Base on Balls
Javier Díaz to second
Batting: LHB César Durán 0-0: Foul Ball, location: 2F
0-1: SINGLE (Groundball, 34)
Javier Díaz to third
Russell Jackson to second
Batting: RHB Mike Brown 0-0: Called Strike
0-1: Ball
Wild Pitch!
Javier Díaz scores
Russell Jackson to third
César Durán to second
1-1: Fly out, F7 (Flyball, 7M)
Runner from 3rd tags up, SCORES, throw made
Batting: RHB Michael Collins 0-0: Ground out 6-3 (Groundball, 6)
Batting: RHB Brent Burgess 0-0: Called Strike
0-1: Swinging Strike
0-2: Ball
1-2: Ball
2-2: Ball
3-2: Fly out, F3 (Popup, 3F)
Top of the 1st over - 2 run(s), 2 hit(s), 0 error(s), 1 left on base; Hartford 2 - D.C. 0
BOTTOM OF THE 1ST
D.C. Divided batting - Pitching for Hartford Whalers : RHP Glenn West
Pitching: RHP Glenn West
Batting: LHB Charles Mathes 0-0: Ball
1-0: Called Strike
1-1: Swinging Strike
1-2: Strikes out swinging
Batting: RHB Duncan Thomas 0-0: Ball
1-0: Ball
2-0: Called Strike
2-1: Called Strike
2-2: Ground out 6-3 (Groundball, 6)
Batting: LHB Brad Elmore 0-0: Fly out, F7 (Flyball, 8LM)
Bottom of the 1st over - 0 run(s), 0 hit(s), 0 error(s), 0 left on base; Hartford 2 - D.C. 0
TOP OF THE 2ND
Hartford Whalers batting - Pitching for D.C. Divided : LHP Leslie Brooks
Batting: LHB Norm Ortega 0-0: Ball
1-0: SINGLE (Flyball, 8RS)
Batting: RHB Román Centena 0-0: Called Strike
0-1: Ball
1-1: Ball
2-1: Swinging Strike
2-2: Ball
3-2: Foul Ball, location: 2F
3-2: Base on Balls
Norm Ortega to second
Batting: RHB Fernando Camacho 0-0: Foul Ball, location: 2F
0-1: SINGLE (Line Drive, 56)
Norm Ortega to third
Román Centena to second
Runner from 3rd tries for Home, SAFE, throw made home
Batting: RHB Javier Díaz 0-0: Ball
1-0: Called Strike
1-1: Swinging Strike
1-2: Strikes out looking
Batting: RHB Russell Jackson 0-0: Called Strike
0-1: Ball
1-1: Foul Ball, location: 2F
1-2: Ball
2-2: Ball
3-2: Strikes out swinging
Batting: LHB César Durán 0-0: Ball
1-0: Ground out 4-3 (Groundball, 4)
Top of the 2nd over - 1 run(s), 2 hit(s), 0 error(s), 2 left on base; Hartford 3 - D.C. 0
BOTTOM OF THE 2ND
D.C. Divided batting - Pitching for Hartford Whalers : RHP Glenn West
Batting: LHB Félix Pérez 0-0: Ball
1-0: Called Strike
1-1: Fly out, F6 (Line Drive, 6)
Batting: RHB Brett Robinson 0-0: Ball
1-0: Foul Ball, location: 2F
1-1: Foul Ball, location: 2F
1-2: Strikes out swinging
Batting: RHB Gustavo Mateo 0-0: Called Strike
0-1: Fly out, F8 (Flyball, 8LD)
Bottom of the 2nd over - 0 run(s), 0 hit(s), 0 error(s), 0 left on base; Hartford 3 - D.C. 0
TOP OF THE 3RD
Hartford Whalers batting - Pitching for D.C. Divided : LHP Leslie Brooks
Batting: RHB Mike Brown 0-0: Swinging Strike
0-1: Swinging Strike
0-2: Ball
1-2: Ball
2-2: Foul Ball, location: 2F
2-2: Strikes out looking
Batting: RHB Michael Collins 0-0: Called Strike
0-1: Ground out 6-3 (Groundball, 6)
Batting: RHB Brent Burgess 0-0: Called Strike
0-1: Ball
1-1: SINGLE (Groundball, 25) (infield hit)
Batting: LHB Norm Ortega 0-0: Ground out 1-3 (Groundball, 15)
Top of the 3rd over - 0 run(s), 1 hit(s), 0 error(s), 1 left on base; Hartford 3 - D.C. 0
BOTTOM OF THE 3RD
D.C. Divided batting - Pitching for Hartford Whalers : RHP Glenn West
Batting: LHB Jorge Aicón 0-0: Called Strike
0-1: Foul Ball, location: 2F
0-2: Ball
1-2: SOLO HOME RUN (Flyball, 89XD), Distance : 435 ft
Batting: RHB Lúcio López 0-0: Ball
1-0: SINGLE (Groundball, 6MD)
Batting: LHB Ramón García 0-0: Ball
1-0: Ball
Wild Pitch!
Lúcio López to second
2-0: Called Strike
2-1: Swinging Strike
2-2: Ball
3-2: Reached on error, E6 (Groundball, 6M)
Lúcio López to third
Batting: LHB Charles Mathes 0-0: Ball
1-0: Foul Ball, location: 2F
1-1: Fly out, F7 (Flyball, 7LM)
Batting: RHB Duncan Thomas 0-0: Called Strike
0-1: Ball
1-1: Called Strike
1-2: Foul Ball, location: 2F
1-2: Ball
2-2: Foul Ball, location: 2F
2-2: DOUBLE (Groundball, 5L)
Lúcio López scores
Ramón García to third
Ramón García scores
Batting: LHB Brad Elmore 0-0: Foul Ball, location: 2F
0-1: Ball
1-1: Called Strike
1-2: Ball
2-2: Ball
3-2: Fly out, F6 (Popup, 6D)
Batting: LHB Félix Pérez 0-0: Ball
1-0: Ball
2-0: Called Strike
2-1: Ball
3-1: Called Strike
3-2: Base on Balls
Batting: RHB Brett Robinson 0-0: Ball
1-0: Swinging Strike
1-1: Ball
2-1: DOUBLE (Line Drive, 7LM)
Duncan Thomas scores
Félix Pérez to third
Batting: RHB Gustavo Mateo 0-0: Ball
1-0: Swinging Strike
1-1: Called Strike
1-2: Ball
2-2: Foul Ball, location: 2F
2-2: Strikes out swinging
Bottom of the 3rd over - 4 run(s), 4 hit(s), 1 error(s), 2 left on base; Hartford 3 - D.C. 4
TOP OF THE 4TH
Hartford Whalers batting - Pitching for D.C. Divided : LHP Leslie Brooks
Batting: RHB Román Centena 0-0: Called Strike
0-1: Foul Ball, location: 2F
0-2: Ball
1-2: Foul Ball, location: 2F
1-2: Ball
2-2: Foul Ball, location: 2F
2-2: Foul Ball, location: 2F
2-2: Ball
3-2: Base on Balls
Batting: RHB Fernando Camacho 0-0: Ball
1-0: Ball
2-0: Ball
3-0: Called Strike
3-1: SINGLE (Groundball, 56D)
Román Centena to second
Batting: RHB Javier Díaz 0-0: Ball
1-0: Foul Ball, location: 2F
1-1: SINGLE (Line Drive, 6MD)
Román Centena to third
Fernando Camacho to second
Runner from 3rd tries for Home, SAFE, throw made home
Fernando Camacho to third
Javier Díaz to second
Batting: RHB Russell Jackson 0-0: Ball
1-0: Ball
2-0: Foul Ball, location: 2F
2-1: Foul Ball, location: 2F
2-2: Foul Ball, location: 2F
2-2: Foul Ball, location: 2F
2-2: Ball
3-2: Fly out, F8 (Flyball, 8LM)
Runner from 3rd tags up, SCORES, throw made
Batting: LHB César Durán 0-0: Ball
1-0: Ball
2-0: Foul Ball, location: 2F
2-1: Ball
3-1: Called Strike
3-2: Strikes out looking
Batting: RHB Mike Brown 0-0: Foul Ball, location: 2F
0-1: Ball
Wild Pitch!
Javier Díaz to third
1-1: Ball
2-1: Called Strike
2-2: Ball
3-2: Foul Ball, location: 2F
3-2: Foul Ball, location: 2F
3-2: Foul Ball, location: 2F
3-2: Ground out 5-3 (Groundball, 5)
Top of the 4th over - 2 run(s), 2 hit(s), 0 error(s), 1 left on base; Hartford 5 - D.C. 4
BOTTOM OF THE 4TH
D.C. Divided batting - Pitching for Hartford Whalers : RHP Glenn West
Batting: LHB Jorge Aicón 0-0: Called Strike
0-1: Ball
1-1: Ball
2-1: Ball
3-1: Base on Balls
Batting: RHB Lúcio López 0-0: Foul Ball, location: 2F
0-1: Ball
1-1: Ball
2-1: Foul Ball, location: 2F
2-2: Strikes out looking
Batting: LHB Ramón García 0-0: Ball
1-0: Foul Ball, location: 2F
1-1: Foul Ball, location: 2F
1-2: SINGLE (Groundball, 4)
Jorge Aicón to second
Batting: LHB Charles Mathes 0-0: Ball
1-0: Ball
2-0: Called Strike
2-1: Grounds into double play, 4-6-3 (Groundball, 4)
Bottom of the 4th over - 0 run(s), 1 hit(s), 0 error(s), 1 left on base; Hartford 5 - D.C. 4
TOP OF THE 5TH
Hartford Whalers batting - Pitching for D.C. Divided : LHP Leslie Brooks
Batting: RHB Michael Collins 0-0: Ball
1-0: DOUBLE (Flyball, 9D)
Batting: RHB Brent Burgess 0-0: Fly out, F8 (Popup, 4MD)
Batting: LHB Norm Ortega 0-0: Ball
1-0: Ball
2-0: Called Strike
2-1: Called Strike
2-2: Ball
3-2: Strikes out looking
Batting: RHB Román Centena 0-0: Ball
1-0: Swinging Strike
1-1: Called Strike
1-2: Strikes out swinging
Top of the 5th over - 0 run(s), 1 hit(s), 0 error(s), 1 left on base; Hartford 5 - D.C. 4
BOTTOM OF THE 5TH
D.C. Divided batting - Pitching for Hartford Whalers : RHP Glenn West
Batting: RHB Duncan Thomas 0-0: Foul Ball, location: 2F
0-1: Called Strike
0-2: Strikes out swinging
Batting: LHB Brad Elmore 0-0: Ball
1-0: Ball
2-0: Called Strike
2-1: Foul Ball, location: 2F
2-2: Ground out 4-3 (Groundball, 34)
Batting: LHB Félix Pérez 0-0: Fly out, F8 (Flyball, 8LS)
Bottom of the 5th over - 0 run(s), 0 hit(s), 0 error(s), 0 left on base; Hartford 5 - D.C. 4
TOP OF THE 6TH
Hartford Whalers batting - Pitching for D.C. Divided : LHP Leslie Brooks
Batting: RHB Fernando Camacho 0-0: Foul Ball, location: 2F
0-1: Ball
1-1: Foul Ball, location: 2F
1-2: Ball
2-2: Ground out 5-3 (Groundball, 56)
Batting: RHB Javier Díaz 0-0: Swinging Strike
0-1: Called Strike
0-2: Foul Ball, location: 2F
0-2: Ball
1-2: Strikes out swinging
Batting: RHB Russell Jackson 0-0: Fly out, F9 (Flyball, 9S)
Top of the 6th over - 0 run(s), 0 hit(s), 0 error(s), 0 left on base; Hartford 5 - D.C. 4
BOTTOM OF THE 6TH
D.C. Divided batting - Pitching for Hartford Whalers : RHP Glenn West
Batting: RHB Brett Robinson 0-0: Ball
1-0: Called Strike
1-1: Swinging Strike
1-2: Ground out 5-3 (Groundball, 5S)
Batting: RHB Gustavo Mateo 0-0: Foul Ball, location: 2F
0-1: Swinging Strike
0-2: Ground out 1-3 (Groundball, 13)
Batting: LHB Jorge Aicón 0-0: Swinging Strike
0-1: Foul Ball, location: 2F
0-2: Strikes out looking
Bottom of the 6th over - 0 run(s), 0 hit(s), 0 error(s), 0 left on base; Hartford 5 - D.C. 4
TOP OF THE 7TH
Hartford Whalers batting - Pitching for D.C. Divided : LHP Leslie Brooks
Batting: LHB César Durán 0-0: Fly out, F5 (Popup, 15)
Batting: RHB Mike Brown 0-0: Called Strike
0-1: Ball
1-1: Ball
2-1: Foul Ball, location: 2F
2-2: Ball
3-2: Strikes out swinging
Batting: RHB Michael Collins 0-0: Ball
1-0: Called Strike
1-1: Called Strike
1-2: Ball
2-2: SOLO HOME RUN (Line Drive, 7D), Distance : 399 ft
Pitching: RHP Gabriel Hidalgo
Batting: RHB Brent Burgess 0-0: Called Strike
0-1: Ball
1-1: Called Strike
1-2: Foul Ball, location: 2F
1-2: Ball
2-2: Ball
3-2: Foul Ball, location: 2F
3-2: Foul Ball, location: 2F
3-2: Foul Ball, location: 2F
3-2: Foul Ball, location: 2F
3-2: Base on Balls
Batting: LHB Norm Ortega 0-0: Ball
1-0: Swinging Strike
1-1: Called Strike
1-2: Ball
2-2: Strikes out swinging
Top of the 7th over - 1 run(s), 1 hit(s), 0 error(s), 1 left on base; Hartford 6 - D.C. 4
BOTTOM OF THE 7TH
D.C. Divided batting - Pitching for Hartford Whalers : RHP Glenn West
Batting: RHB Lúcio López 0-0: Called Strike
0-1: Foul Ball, location: 2F
0-2: Fly out, F9 (Flyball, 9M)
Batting: LHB Ramón García 0-0: Ball
1-0: DOUBLE (Flyball, 89M)
Batting: LHB Charles Mathes 0-0: Ground out 3-1 (Groundball, 34)
Ramón García to third
Batting: RHB Duncan Thomas 0-0: Ball
1-0: Swinging Strike
1-1: Foul Ball, location: 2F
1-2: Strikes out swinging
Bottom of the 7th over - 0 run(s), 1 hit(s), 0 error(s), 1 left on base; Hartford 6 - D.C. 4
TOP OF THE 8TH
Hartford Whalers batting - Pitching for D.C. Divided : RHP Gabriel Hidalgo
Batting: RHB Román Centena 0-0: Ball
1-0: Ball
2-0: Called Strike
2-1: Foul Ball, location: 2F
2-2: Ball
3-2: Ground out 5-3 (Groundball, 56)
Batting: RHB Fernando Camacho 0-0: Ball
1-0: Called Strike
1-1: Ground out 5-3 (Groundball, 56)
Batting: RHB Javier Díaz 0-0: Ball
1-0: Swinging Strike
1-1: Ball
2-1: Foul Ball, location: 2F
2-2: Strikes out swinging
Top of the 8th over - 0 run(s), 0 hit(s), 0 error(s), 0 left on base; Hartford 6 - D.C. 4
BOTTOM OF THE 8TH
D.C. Divided batting - Pitching for Hartford Whalers : RHP Glenn West
Batting: LHB Brad Elmore 0-0: Called Strike
0-1: Ball
1-1: Foul Ball, location: 2F
1-2: Foul Ball, location: 2F
1-2: Ball
2-2: Ball
3-2: Ground out U3 (Groundball, 3S)
Batting: LHB Félix Pérez 0-0: Called Strike
0-1: Ball
1-1: Swinging Strike
1-2: Foul Ball, location: 2F
1-2: Foul Ball, location: 2F
1-2: Foul Ball, location: 2F
1-2: Foul Ball, location: 2F
1-2: Ball
2-2: Foul Ball, location: 2F
2-2: SINGLE (Groundball, 4)
Pitching: RHP Kelly Hampton
Batting: RHB Brett Robinson 0-0: SINGLE (Flyball, 8LS)
Félix Pérez to second
Runner from 2nd tries for 3rd, SAFE, throw made to third
Pitching: RHP Guillermo Pérez
Batting: RHB Gustavo Mateo 0-0: Ball
1-0: SINGLE (Groundball, 6MD)
Félix Pérez scores
Brett Robinson to second
Pitching: LHP Jack King
Batting: LHB Jorge Aicón 0-0: Fly out, F8 (Flyball, 8RD)
Runner from 2nd tags up, SAFE at 3rd, no throw
Pitching: RHP Matt Harris
Batting: RHB Lúcio López 0-0: Fly out, F8 (Flyball, 8LD)
Bottom of the 8th over - 1 run(s), 3 hit(s), 0 error(s), 2 left on base; Hartford 6 - D.C. 5
TOP OF THE 9TH
Hartford Whalers batting - Pitching for D.C. Divided : RHP Gabriel Hidalgo
Pitching: LHP Greg Jordan
Batting: RHB Russell Jackson 0-0: Called Strike
0-1: Swinging Strike
0-2: Strikes out swinging
Batting: LHB César Durán 0-0: Called Strike
0-1: Ball
1-1: Ball
2-1: Ground out 3-1 (Groundball, 3)
Batting: RHB Mike Brown 0-0: Called Strike
0-1: Ball
1-1: Foul Ball, location: 2F
1-2: Strikes out swinging
Top of the 9th over - 0 run(s), 0 hit(s), 0 error(s), 0 left on base; Hartford 6 - D.C. 5
BOTTOM OF THE 9TH
D.C. Divided batting - Pitching for Hartford Whalers : RHP Matt Harris
Pitching: LHP Francisco Chávez
Batting: LHB Ramón García 0-0: Ball
1-0: Foul Ball, location: 2F
1-1: Ball
2-1: Ball
3-1: Foul Ball, location: 2F
3-2: Ground out 1-3 (Groundball, 13)
Pinch Hitting: RHB Yoshiyuki Sasaki 0-0: Ball
1-0: Foul Ball, location: 2F
1-1: DOUBLE (Line Drive, 8RM)
Batting: RHB Duncan Thomas 0-0: Called Strike
0-1: Called Strike
0-2: Ball
1-2: Ball
2-2: Ball
3-2: Base on Balls
Batting: LHB Brad Elmore 0-0: Called Strike
0-1: Ground out 4-3 (Groundball, 4M)
Yoshiyuki Sasaki to third
Duncan Thomas to second
Batting: LHB Félix Pérez 0-0: Called Strike
0-1: Ball
1-1: Foul Ball, location: 2F
1-2: Ground out U3 (Groundball, 3L)
Bottom of the 9th over - 0 run(s), 1 hit(s), 0 error(s), 2 left on base; Hartford 6 - D.C. 5
This league is powered by Out of the Park Baseball, the baseball management simulation game for PC, Mac and Linux
Friday, January 22nd, 2016 - OOTP Baseball 16.9 Build 39